 Dungeon Crawl Stone Soup version 0.28-a0-1555-g9ae15a6949 (webtiles) character file.

Game seed: 4100174066369357269

41 hashsling the Vexing (level 3, 0/19 HPs)
             Began as a Deep Elf Enchanter on Jan 18, 2022.
             Succumbed to an adder's poison
             ... on level 2 of the Dungeon.
             The game lasted 00:05:46 (1838 turns).

hashsling the Vexing (Deep Elf Enchanter)           Turns: 1838, Time: 00:05:47

Health: 0/19       AC:  3    Str:  5    XL:     3   Next: 32%
Magic:  0/10       EV: 13    Int: 19    God:
Gold:   42         SH:  0    Dex: 17    Spells: 1/9 levels left

rFire   . . .      SeeInvis .   d - +2 short sword (drain)
rCold   . . .      Faith    .   (no shield)
rNeg    . . .      Spirit   .   b - +0 robe
rPois   .          Reflect  .   (no helmet)
rElec   .          Harm     +   j - scarf {harm}
rCorr   .          Rampage  .   e - +0 pair of gloves
Will    .....                   (no boots)
Stlth   ++........              (no amulet)
HPRegen 0.06/turn               (no ring)
MPRegen 0.12/turn               (no ring)

@: lethally poisoned (0 -> -5), silenced, invisible
A: no striking features
a: no special abilities


You were on level 2 of the Dungeon.
You visited 1 branch of the dungeon, and saw 2 of its levels.

You collected 42 gold pieces.

Inventory:

Hand Weapons
 a - a +1 dagger
 d - a +2 short sword of draining (weapon)
Missiles
 f - a throwing net
 g - 42 arrows
Armour
 b - a +0 robe (worn)
 e - a +0 pair of gloves (worn)
 j - a scarf of harm (worn)
Scrolls
 k - a scroll of teleportation {unknown}
 l - a scroll of blinking {unknown}


   Skills:
 - Level 1.0 Short Blades
 + Level 3.1 Dodging
 + Level 4.2 Stealth
 + Level 3.6 Spellcasting
 + Level 4.6 Hexes


You had one spell level left.
You knew the following spells:

 Your Spells              Type           Power      Damage    Failure   Level
a - Ensorcelled Hibernat  Hex/Ice        24%        N/A       9%          2
b - Confusing Touch       Hex            20%        N/A       6%          3
c - Tukima's Dance        Hex            20%        N/A       6%          3

Your spell library contained the following spells:

 Spells                   Type           Power      Damage    Failure   Level
 Dazzling Flash           Conj/Hex       24%        N/A       17%         3


Dungeon Overview and Level Annotations

Branches:
Dungeon (2/15)

Altars:


Message History

Confirm with . or Enter, or press ? or * to list all spells.
Aiming: Ensorcelled Hibernation (safe; 9% risk of failure)
Press: ? - help, Shift-Dir - straight line, f/p - adder
Aim: an adder (chance to affect: 54%)
The adder looks drowsy...
You feel sick.
The adder bites the adder.
The adder hisses angrily.
The adder bites you but does no damage.
Casting: Ensorcelled Hibernation (safe; 9% risk of failure)
Confirm with . or Enter, or press ? or * to list all spells.
Aiming: Ensorcelled Hibernation (safe; 9% risk of failure)
Press: ? - help, Shift-Dir - straight line, f - adder, p - adder
Aim: an adder (confused, chance to affect: 54%)
The adder is unaffected.
You feel sick.
The adder closely misses the adder.
The adder closely misses you.
You completely miss the adder.
The adder is moderately wounded.
You feel sick. The adder closely misses you.
The adder completely misses the adder.
The adder bites you but does no damage.
You miss the adder.
You feel sick.
The adder bites the adder.
The adder is poisoned.
The adder poisons the adder!
The adder bites you.
You are lethally poisoned!
The adder poisons you!
The adder closely misses the adder.
You hit the adder.
The adder is severely wounded.
* * * LOW HITPOINT WARNING * * *
You feel sick.
The adder bites you but does no damage. x2
Okay, then.
As you read the scroll labelled IFFOTO KOLAL, it crumbles to dust.
You assume a fearsome visage.
The adder looks frightened! x2
It was a scroll of fear.
* * * LOW HITPOINT WARNING * * *
You feel sick.
Unknown command.
As you read the scroll labelled LAISYH CALA, it crumbles to dust.
A profound silence engulfs you.
It was a scroll of silence.
* * * LOW HITPOINT WARNING * * *
You feel sick.
The adder barely misses the adder.
Magic scrolls do not work when you're silenced!
You fade into invisibility!
You die...

#.##........# #.##....<...#
#.##........###
#.#......^....#
##.#.##.....##.####
###....##...........#######
#....####..#.#.............
#..........#...#.##.#..####
#....#####.#.###@##.#..####
##...........###.##.......
#..######.####...###..###
##..# #.# #.>S......######
#...# ##.# #...S##.........
#.#.# #..# #.#.###..#######
#...# #)## #.#.###..# #..##
##.## #.#.##...####### #..#
#...# #.#.##..........


You could see 2 adders.

Vanquished Creatures
  An adder (D:2)
  5 endoplasms
  6 goblins (D:1)
  2 hobgoblins (D:1)
  3 kobolds
  6 ball pythons (D:1)
  2 bats (D:1)
  4 frilled lizards (D:1)
  A rat (D:1)
30 creatures vanquished.

Vanquished Creatures (others)
  9 plants (D:1)
9 creatures vanquished.

Grand Total: 39 creatures vanquished

Notes
Turn   | Place    | Note
-------+----------+-------------------------------------------
     0 | D:1      | hashsling the Deep Elf Enchanter began the quest for the
                  | Orb.
     0 | D:1      | Reached XP level 1. HP: 10/10 MP: 6/6
   548 | D:1      | Reached XP level 2. HP: 11/15 MP: 8/8
   555 | D:1      | Learned a level 2 spell: Ensorcelled Hibernation
  1315 | D:1      | Found a faded altar of an unknown god.
  1318 | D:1      | Reached XP level 3. HP: 17/19 MP: 10/10
  1664 | D:2      | Learned a level 3 spell: Confusing Touch
  1668 | D:2      | Learned a level 3 spell: Tukima's Dance
  1838 | D:2      | Succumbed to an adder's poison

Illustrated notes

Levels and vault maps discovered:
D:1:      erik_arrival_orb_chamber, layout_basic,
          dilly_ecumenical_altar_fadedgnrine
D:2:      layout_loops_ring

Skill      XL: |  1  2 |
---------------+-------+-----
Stealth        | 4 |  4.2
Dodging        | 3 |  3.1
Short Blades   | |  1.0
Spellcasting   | |  3.6
Hexes          | |  4.6

Action                   || total
-------------------------++-------
Melee: Dagger            ||    15
       Short sword       ||    54
 Cast: Ensorcelled Hiber ||     9
       Confusing Touch   ||     3
  Use: Scroll            ||     2
       Potion            ||     1
 Stab: Sleeping          ||     8
       Confused          ||     2
Armor: Robe              ||     8
Dodge: Dodged            ||    38

Table legend: (Time is in decaauts)
 A = Elapsed time spent in this place.
 B = Non-inter-level travel time spent in this place.
 C = Inter-level travel time spent in this place.
 D = Time resting spent in this place.
 E = Time spent auto-exploring this place.
 F = Levels seen in this place.
 G = Mean time per level.
                   A        B        C        D        E       F      G
               +--------+--------+--------+--------+--------+-----+--------+
         Total |   1838 |   1800 |     38 |      0 |   1547 |   2 |  919.0 |
       Dungeon |   1838 |   1800 |     38 |      0 |   1547 |   2 |  919.0 |
               +--------+--------+--------+--------+--------+-----+--------+

Top non-repeatable levels by time:
     D:1: 1563 daAuts
     D:2: 275 daAuts
